 Dungeon Crawl Stone Soup version 0.23.2-1-ga50397a6bc (webtiles) character file.

Game seed: 18388234503516183412

75201 Kobolds4U the Severer (level 15, -9/135 (136) HPs)
             Began as a Minotaur Fighter on Apr 18, 2019.
             Was the Champion of Ashenzari.
             Mangled by a titanic slime creature (62 damage)
             ... on level 13 of the Dungeon.
             The game lasted 01:17:33 (24412 turns).

Kobolds4U the Severer (Minotaur Fighter)           Turns: 24412, Time: 01:17:33

HP:   -9/135 (136)  AC: 31    Str: 26    XL:     15   Next: 9%
MP:   21/21         EV: 14    Int:  7    God:    Ashenzari [******]
Gold: 1299          SH:  0    Dex: 13    Spells: 14/14 levels left

rFire    . . .     SeeInvis +   D - +7 battleaxe (flame) (curse)
rCold    . . .     Gourm    .   (shield currently unavailable)
rNeg     + . .     Faith    +   N - +2 plate armour (curse)
rPois    .         Spirit   .   L - +2 hat (curse)
rElec    .         Reflect  .   O - +2 cloak (curse)
rCorr    .         Harm     .   J - +2 pair of gloves (curse)
MR       +....     Clarity  +   H - +0 pair of boots (curse)
Stlth    ..........             A - amulet of faith
HPRegen  0.32/turn              X - ring of positive energy
MPRegen  0.17/turn              y - +4 ring of strength (curse)

@: no status effects
A: retaliatory headbutt, horns 2
a: Curse Item, Scrying, Transfer Knowledge, Renounce Religion


You were on level 13 of the Dungeon.
You worshipped Ashenzari.
Ashenzari was exalted by your worship.
You were very hungry.

You visited 3 branches of the dungeon, and saw 21 of its levels.
You also visited: Sewer, Gauntlet and Ice Cave.

You collected 1835 gold pieces.
You spent 536 gold pieces at shops.

Inventory:

Hand Weapons
 n - a +0 hunting sling
 D - a cursed +7 battleaxe of flaming (weapon)
Missiles
 r - 89 sling bullets
Armour
 j - a +2 plate armour of magic resistance
 H - a cursed +0 pair of boots (worn)
 J - a cursed +2 pair of gloves (worn)
 L - a cursed +2 hat (worn)
 N - a cursed +2 plate armour (worn)
 O - a cursed +2 cloak (worn)
Jewellery
 q - an uncursed ring of ice
 y - a cursed +4 ring of strength (right hand)
 z - an uncursed ring of flight
 A - an amulet of faith (around neck)
 G - a +3 ring of strength
 S - an uncursed ring of protection from fire
 U - an uncursed ring of fire
 X - a ring of positive energy (left hand)
 Y - an uncursed ring of poison resistance
 Z - an uncursed ring of ice
Wands
 a - a wand of acid (8)
 b - a wand of paralysis (6)
 o - a wand of enslavement (11)
 u - a wand of flame (13)
 v - a wand of polymorph (8)
 C - a wand of digging (5)
 M - a wand of iceblast (5)
 T - a wand of random effects (14)
Scrolls
 h - a scroll of holy word
 l - 5 scrolls of remove curse
 p - 6 scrolls of immolation
 s - 7 scrolls of fog
 x - 8 scrolls of teleportation
 E - 4 scrolls of fear
 I - a scroll of silence
 K - 4 scrolls of amnesia
 P - 3 scrolls of magic mapping
 Q - 4 scrolls of blinking
Potions
 d - 2 potions of might
 e - a potion of invisibility
 g - 4 potions of flight
 i - 6 potions of brilliance
 k - 3 potions of haste
 m - a potion of cancellation
 t - a potion of agility
 B - a potion of heal wounds
 F - 6 potions of curing
 V - a potion of resistance
Miscellaneous
 c - a lamp of fire (inert)
 w - a phial of floods
 R - a phantom mirror
Comestibles
 f - 28 rations


   Skills:
 + Level 13.4 Fighting
 - Level 15.2(20.4) Axes
 - Level 11.1 Slings
 - Level 13.2(18.6) Armour
 + Level 11.5 Dodging
   Level 3.6 Shields
 - Level 10.0 Evocations


You had 14 spell levels left.
You didn't know any spells.
Your spell library contained the following spells:

 Spells                   Type           Power        Failure   Level  Hunger
 Animate Skeleton         Necr           N/A          94%         1    ##.....
 Beastly Appendage        Tmut           #.....       94%         1    ##.....
 Confusing Touch          Hex            #.....       94%         1    ##.....
 Infusion                 Chrm           #...         94%         1    ##.....
 Magic Dart               Conj           #...         94%         1    ##.....
 Pain                     Necr           #...         94%         1    ##.....
 Blink                    Tloc           N/A          98%         2    ###....
 Call Imp                 Summ           #.......     98%         2    ###....
 Shroud of Golubria       Chrm/Tloc      #.........   98%         2    ###....
 Slow                     Hex            #.......     98%         2    ###....
 Song of Slaying          Chrm           #.......     98%         2    ###....
 Sticks to Snakes         Tmut           #.......     98%         2    ###....
 Confuse                  Hex            #.......     100%        3    ####...
 Conjure Flame            Conj/Fire      #.......     100%        3    ####...
 Gell's Gravitas          Tloc           #.........   100%        3    ####...
 Mephitic Cloud           Conj/Pois/Air  #.......     100%        3    ####...
 Recall                   Summ/Tloc      N/A          100%        3    ####...
 Regeneration             Chrm/Necr      #.........   100%        3    ####...
 Spectral Weapon          Hex/Chrm       #.......     100%        3    ####...
 Spider Form              Tmut/Pois      #.........   100%        3    ####...
 Vampiric Draining        Necr           #.........   100%        3    ####...
 Animate Dead             Necr           N/A          100%        4    #####..
 Ice Form                 Ice/Tmut       #.......     100%        4    #####..
 Passage of Golubria      Tloc           N/A          100%        4    #####..
 Petrify                  Tmut/Erth      #.......     100%        4    #####..
 Aura of Abjuration       Summ           #.........   100%        5    ######.
 Blade Hands              Tmut           #.........   100%        5    ######.
 Metabolic Englaciation   Hex/Ice        #.........   100%        5    ######.
 Silence                  Hex/Air        #.........   100%        5    ######.
 Summon Demon             Summ           #.........   100%        5    ######.
 Summon Forest            Summ/Tloc      #.........   100%        5    ######.
 Summon Mana Viper        Hex/Summ       #.......     100%        5    ######.
 Yara's Violent Unravell  Hex/Tmut       #.........   100%        5    ######.
 Bolt of Cold             Conj/Ice       #.........   100%        6    #######
 Freezing Cloud           Conj/Ice/Air   #.........   100%        6    #######
 Ozocubu's Refrigeration  Ice            #.........   100%        6    #######
 Shadow Creatures         Summ           N/A          100%        6    #######
 Simulacrum               Ice/Necr       #.........   100%        6    #######


Dungeon Overview and Level Annotations

Branches:
Dungeon (14/15)            Temple (1/1) D:5            Lair (6/6) D:10
 Shoals (0/4) Lair:3        Snake (0/4) Lair:2        Slime (0/5) Lair:6
    Orc (0/2) D:10
 Vaults: D:13-14

Altars:
Ashenzari
Cheibriados
Dithmenos
Elyvilon
Fedhas
Gozag
Hepliaklqana
Kikubaaqudgha
Makhleb
Nemelex Xobeh
Okawaru
Qazlal
Ru
Sif Muna
Trog
Uskayaw
Vehumet
Wu Jian
Xom
Yredelemnul
Zin
The Shining One
Jiyva

Shops:
D:9 ?   D:10 !

Annotations:
D:4 3 runed translucent doors, Cykl0x's ghost, novice FoFi
D:7 3 runed translucent doors, Ethylacetat's ghost, novice DsFE
Lair:3 3 runed translucent doors, spacedv's ghost, journeyman DEEn


Innate Abilities, Weirdness & Mutations

You reflexively headbutt those who attack you in melee.
You have a pair of horns on your head.


Message History

You see here a sky beast corpse.
There is a stone staircase leading up here.
The titanic slime creature barely misses you.
You furiously retaliate!
You headbutt the titanic slime creature!
You climb upwards.
There is a stone staircase leading down here.
You slice the titanic slime creature!! You burn the titanic slime creature.
The titanic slime creature is lightly wounded.
The titanic slime creature hits you!!
Evoke which item? (* to show all) (? for menu, Esc to quit)
Aim the lamp in which direction?
Press: ? - help, Dir - move target cursor, f - titanic slime creature
Aim: a titanic slime creature (lightly wounded)
The flames dance!
The trail of fire hits the titanic slime creature!!
The titanic slime creature is moderately wounded.
The titanic slime creature is engulfed in blazing flames.
The titanic slime creature hits you!!!
You die...

#.(.....#####.........##.....
#.............#...#########.#
#.......#####.....# #.#
#......># #....§# ##.#
#.......# #...§## ##...
#####.#### ###§..## ##....
#........######§....## #....)
#.###.......##J......## #.....
#.# ##...##.#@........###.....
#.###.................'.......
#.............[.(.(..(####....
#######.#.#..........## ##.#.
##....##......## ##..
#..####.#...## ##.
#.......##'## #. #.###......#
#. #.# #.###..###### #^


You could see a titanic slime creature.

Vanquished Creatures
  Jorgrun (D:13)
  A frost giant (IceCv)
  Snorg (Lair:6)
  3 hydras
  A fire dragon (Lair:6)
  Fannar (D:11)
  2 centaur warriors
  2 two-headed ogres
  A tengu warrior (D:13)
  6 death yaks
  A fire crab (Lair:6)
  An unseen horror (D:11)
  2 ugly things
  6 oklob plants
  2 manticores
  3 slime creatures (D:13)
  2 cyclopes
  14 elephants
  Psyche (D:11)
  3 molten gargoyles (Lair:6)
  7 black mambas (Lair:6)
  An ice statue (IceCv)
  2 gargoyles
  7 spiny frogs
  A rime drake (IceCv)
  10 komodo dragons
  An efreet (D:10)
  A tengu conjurer (D:13)
  A queen bee (Lair:3)
  6 trolls
  18 polar bears
  Grinder (Sewer)
  7 hippogriffs
  20 blink frogs
  A spriggan (Lair:3)
  A vampire (D:13)
  A wraith (D:13)
  66 yaks
  11 wyverns
  A human (D:8)
  9 basilisks
  5 hungry ghosts
  Grum (D:11)
  Menkaure (D:7)
  4 steam dragons
  3 nagas (Lair:2)
  5 hell hounds (Lair:6)
  Duvessa (D:6)
  10 water moccasins
  A floating eye (Lair:2)
  6 porcupines
  A phantom (D:12)
  3 orc warriors
  3 ice beasts
  4 sky beasts
  4 black bears
  6 necrophages
  37 wolves
  4 boggarts (Lair:6)
  4 ogres
  3 centaurs
  9 crocodiles
  3 big kobolds
  13 bullfrogs
  Dowan (D:6)
  A wyvern skeleton (D:11)
  7 scorpions
  34 killer bees
  10 wights
  4 electric eels (D:10)
  A howler monkey (D:5)
  5 lava snakes (Lair:6)
  11 crimson imps
  A bullfrog zombie (D:9)
  8 hounds
  3 jellies
  A quasit (D:10)
  6 orc priests
  3 centaur skeletons
  Crazy Yiuf (D:7)
  3 iguanas
  3 bullfrog skeletons
  12 worker ants
  2 orc wizards
  6 big kobold zombies (Sewer)
  A hound zombie (D:11)
  2 hound skeletons
  A mummy (D:9)
  2 worker ant zombies (D:9)
  Robin (D:3)
  A howler monkey skeleton (D:10)
  8 adders
  A river rat (Lair:3)
  3 shadow imps
  5 ufetubi (Sewer)
  2 oozes
  An adder skeleton (D:4)
  An adder zombie (D:9)
  A worm (D:5)
  7 dart slugs
  7 leopard geckos
  30 orcs
  9 bats
  9 giant cockroaches
  15 goblins
  10 hobgoblins
  3 jackals (D:11)
  7 quokkas
  9 frilled lizards
  A giant cockroach zombie (Sewer)
  23 kobolds
  3 kobold zombies (Sewer)
  A leopard gecko skeleton (D:5)
  A leopard gecko zombie (D:5)
  A quokka zombie (D:6)
  6 rats
  A bush (Lair:2)
  2 fungi
  12 plants
668 creatures vanquished.

Vanquished Creatures (others)
  A kobold (D:11)
  5 fungi
  2 plants
  2 withered plants (Gauntlet)
10 creatures vanquished.

Grand Total: 678 creatures vanquished

Notes
Turn   | Place    | Note
-------+----------+-------------------------------------------
     0 | D:1      | Kobolds4U the Minotaur Fighter began the quest for the Orb.
     0 | D:1      | Reached XP level 1. HP: 19/19 MP: 0/0
   179 | D:1      | Reached XP level 2. HP: 24/27 MP: 1/1
   376 | D:1      | Reached skill level 3 in Axes
   615 | D:2      | Reached XP level 3. HP: 34/34 MP: 2/2
  1132 | D:2      | Reached skill level 5 in Fighting
  1133 | D:2      | Reached XP level 4. HP: 37/42 MP: 3/3
  1799 | D:3      | Reached skill level 4 in Axes
  1799 | D:3      | Reached XP level 5. HP: 23/50 MP: 4/4
  2275 | D:3      | Noticed Robin
  2418 | D:3      | Killed Robin
  2558 | D:3      | Found a glowing silver altar of Zin.
  2560 | D:3      | Found a glowing golden altar of the Shining One.
  2713 | D:4      | Reached XP level 6. HP: 40/60 MP: 5/5
  2878 | D:4      | Found a runed translucent gate.
  2878 | D:4      | Found a runed translucent gate.
  2883 | D:4      | Noticed Cykl0x's ghost (novice FoFi)
  2906 | D:4      | Found a runed translucent gate.
  3077 | D:4      | Reached skill level 5 in Axes
  3132 | D:4      | Found a radiant altar of Vehumet.
  3324 | D:5      | Entered Level 5 of the Dungeon
  3470 | D:5      | Reached skill level 5 in Armour
  3552 | D:5      | Found a staircase to the Ecumenical Temple.
  3557 | Temple   | Entered the Ecumenical Temple
  3777 | Temple   | Became a worshipper of Ashenzari the Shackled
  3848 | D:5      | Reached XP level 7. HP: 65/66 MP: 6/6
  3878 | D:5      | Found a glowing drain.
  3886 | Sewer    | Entered a sewer
  4006 | Sewer    | Found an ancient bone altar of Kikubaaqudgha.
  4228 | Sewer    | Reached skill level 6 in Axes
  4278 | Sewer    | Noticed Grinder
  4281 | Sewer    | Paralysed by Grinder for 3 turns
  4291 | Sewer    | Killed Grinder
  4406 | Sewer    | Reached XP level 8. HP: 56/70 MP: 7/7
  4979 | D:6      | Reached skill level 7 in Axes
  5339 | D:6      | Noticed Duvessa
  5341 | D:6      | Found a basalt altar of Yredelemnul.
  5341 | D:6      | Reached * piety under Ashenzari
  5343 | D:6      | Noticed Dowan
  5357 | D:6      | Found a burning altar of Makhleb.
  5652 | D:6      | Killed Duvessa
  5657 | D:6      | Killed Dowan
  5657 | D:6      | Reached skill level 8 in Axes
  5662 | D:6      | Found a stormy altar of Qazlal.
  5662 | D:6      | Found a blossoming altar of Fedhas.
  6008 | D:7      | Noticed Menkaure
  6242 | D:7      | Noticed a hippogriff
  6246 | D:7      | Killed a hippogriff
  6246 | D:7      | Reached skill level 10 in Armour
  6254 | D:7      | Killed Menkaure
  6254 | D:7      | Reached XP level 9. HP: 68/79 MP: 8/8
  6321 | D:7      | Found a bloodstained altar of Trog.
  6437 | D:7      | Found a runed translucent door.
  6438 | D:7      | Noticed Crazy Yiuf
  6516 | D:7      | Found a runed translucent gate.
  6517 | D:7      | Found a runed translucent gate.
  6517 | D:7      | Found a runed translucent gate.
  6518 | D:7      | Noticed Ethylacetat's ghost (novice DsFE)
  6916 | D:8      | Reached skill level 9 in Axes
  6968 | D:8      | Reached ** piety under Ashenzari
  6978 | D:8      | Reached skill level 1 in Dodging
  7160 | D:8      | Reached skill level 10 in Axes
  7714 | D:9      | Reached skill level 5 in Dodging
  7852 | D:9      | Identified the +2 robe of Tenacity {rElec Str+3 Int-4
                  | Dex+3} (You found it on level 4 of the Dungeon)
  8009 | D:7      | Killed Crazy Yiuf
  8141 | D:9      | Noticed a troll
  8153 | D:9      | Killed a troll
  8153 | D:9      | Reached XP level 10. HP: 64/82 MP: 9/9
  8488 | D:10     | Entered Level 10 of the Dungeon
  8705 | D:9      | Reached *** piety under Ashenzari
  8996 | D:9      | Reached skill level 1 in Evocations
  9039 | D:9      | Found Dies's Magic Scroll Shop.
  9047 | D:9      | Bought a scroll of magic mapping for 45 gold pieces
  9047 | D:9      | Bought a scroll of brand weapon for 260 gold pieces
  9047 | D:9      | Bought a scroll of teleportation for 39 gold pieces
  9244 | D:10     | Found Terum's Distillery.
  9247 | D:10     | Bought a potion of agility for 64 gold pieces
  9247 | D:10     | Bought a potion of mutation for 128 gold pieces
  9257 | D:10     | Found a staircase to the Orcish Mines.
  9320 | D:10     | Found a shattered altar of Ashenzari.
  9379 | D:10     | Noticed a two-headed ogre
  9380 | D:10     | Killed a two-headed ogre
  9598 | D:10     | Reached skill level 5 in Evocations
  9656 | D:10     | Reached **** piety under Ashenzari
  9674 | D:10     | Reached XP level 11. HP: 88/88 MP: 12/14
 10375 | D:11     | Noticed a two-headed ogre
 10384 | D:11     | Killed a two-headed ogre
 10384 | D:11     | Reached skill level 10 in Dodging
 10400 | D:11     | Noticed Fannar
 10401 | D:11     | Found a gate leading to a gauntlet.
 10412 | D:11     | Killed Fannar
 10442 | Gauntlet | Entered a Gauntlet
 10442 | Gauntlet | Found a transporter.
 10527 | Gauntlet | Noticed an oklob plant
 10528 | Gauntlet | Found a transporter.
 10543 | Gauntlet | Found a transporter.
 10548 | Gauntlet | Found a transporter.
 10562 | Gauntlet | Noticed a hell hog
 10563 | Gauntlet | Found a transporter.
 10573 | Gauntlet | Identified the cursed +0 cloak of Precision Catastrophes
                  | {MR- Regen+ Int+7 Stlth+}
 10579 | Gauntlet | Noticed a sixfirhy
 10581 | Gauntlet | Noticed a sixfirhy
 10582 | Gauntlet | Found a transporter.
 10594 | Gauntlet | Found a transporter.
 10594 | Gauntlet | Noticed an orange crystal statue
 10602 | Gauntlet | Found a large runed translucent door.
 10603 | Gauntlet | Found a large runed translucent door.
 10604 | Gauntlet | Found a large runed translucent door.
 10604 | Gauntlet | Found a large runed translucent door.
 10605 | Gauntlet | Found a runed translucent gate.
 10606 | Gauntlet | Found a transporter.
 10606 | Gauntlet | Found a runed translucent gate.
 10606 | Gauntlet | Noticed a green death
 10607 | Gauntlet | Found a runed translucent gate.
 10608 | Gauntlet | Found a large runed translucent door.
 10608 | Gauntlet | Found a large runed translucent door.
 10609 | Gauntlet | Identified the ring "Umouh" {rElec MR+ Stlth-}
 10609 | Gauntlet | Found a large runed translucent door.
 10610 | Gauntlet | Found a large runed translucent door.
 10617 | Gauntlet | Identified the ring "Ridaz" {rC+ Str+2 Dex+3}
 10618 | Gauntlet | Found a transporter.
 10620 | Gauntlet | Identified the +8 longbow "Suonliw" {flame, rN++ Int+2}
 10630 | Gauntlet | Found a transporter.
 10630 | Gauntlet | Noticed a green death
 10633 | Gauntlet | Identified the amulet of Vushuan {Gourm rF+ MR+}
 10647 | Gauntlet | Found a transporter.
 10665 | Gauntlet | Found a transporter.
 10667 | Gauntlet | Found a transporter.
 10722 | D:11     | Noticed a white ugly thing
 10722 | D:11     | Noticed an unseen horror
 10748 | D:11     | Killed a white ugly thing
 10953 | D:10     | Identified the +4 ring mail "Xuism" {Int+6}
 11282 | D:10     | Found a staircase to the Lair.
 11759 | Lair:1   | Entered Level 1 of the Lair of Beasts
 12249 | Lair:1   | Identified the +10 morningstar of Conformity {antimagic,
                  | rPois rN+ MR+ Dex+5}
 12518 | Lair:1   | Reached skill level 11 in Axes
 12567 | Lair:1   | Reached ***** piety under Ashenzari
 12918 | Lair:2   | Found a staircase to the Snake Pit.
 12934 | Lair:2   | Reached skill level 10 in Fighting
 12975 | Lair:2   | Reached XP level 12. HP: 76/106 MP: 17/17
 13139 | Lair:2   | Reached skill level 12 in Axes
 13261 | Lair:2   | Identified the +6 flail of Anger {crush, Dex+5 Stlth+}
 13263 | Lair:2   | Paralysed by a floating eye for 4 turns
 14063 | Lair:2   | Noticed a six-headed hydra
 14069 | Lair:2   | Killed a three-headed hydra
 14699 | Lair:3   | Reached skill level 13 in Axes
 14893 | Lair:3   | Noticed spacedv's ghost (journeyman DEEn)
 14895 | Lair:3   | Identified the ring "Osmuu" {Fire rElec rPois Dex+4 Stlth-}
 14919 | Lair:3   | Found a runed translucent gate.
 14920 | Lair:3   | Found a runed translucent gate.
 14921 | Lair:3   | Found a runed translucent gate.
 15003 | Lair:3   | Found a staircase to the Shoals.
 15413 | Lair:3   | Reached skill level 14 in Axes
 15892 | Lair:3   | Reached XP level 13. HP: 92/118 MP: 16/18
 17346 | Lair:5   | Reached skill level 15 in Axes
 17653 | Lair:6   | Entered Level 6 of the Lair of Beasts
 17654 | Lair:6   | Reached ****** piety under Ashenzari
 17672 | Lair:6   | Found a frozen archway.
 17698 | IceCv    | Entered an ice cave
 17727 | IceCv    | Reached skill level 1 in Slings
 18095 | IceCv    | Noticed a frost giant
 18099 | IceCv    | Reached skill level 5 in Slings
 18104 | IceCv    | Killed a frost giant
 18302 | IceCv    | Identified the Reference Book on Entrancing Orientation
 18884 | Lair:6   | Reached XP level 14. HP: 110/126 MP: 16/20
 19140 | Lair:6   | Reached skill level 10 in Evocations
 19322 | Lair:6   | Found a viscous altar of Jiyva.
 19522 | Lair:6   | Found a staircase to the Slime Pits.
 19930 | Lair:6   | Reached skill level 10 in Slings
 19945 | Lair:6   | Noticed Snorg
 19960 | Lair:6   | Killed Snorg
 20402 | Lair:6   | Found a large runed translucent door.
 20402 | Lair:6   | Found a large runed translucent door.
 21616 | D:11     | Noticed Psyche
 21623 | D:11     | Killed Psyche
 21831 | D:11     | Noticed Grum
 21841 | D:11     | Killed Grum
 23600 | D:13     | Noticed Jorgrun
 23613 | D:13     | Killed Jorgrun
 23702 | D:13     | Reached XP level 15. HP: 134/134 MP: 21/21
 24412 | D:13     | Mangled by a titanic slime creature

Skill      XL: |  1  2  3  4  5  6  7  8  9 10 11 12 13 14 |
---------------+-------------------------------------------+-----
Fighting       | 4 5 6 7 10 12 13 | 13.4
Axes           | 3 4 5 6 8 10 11 14 15 | 15.2
Armour         | 5 7 10 11 13 | 13.2
Dodging        | 6 9 10 11 | 11.5
Evocations     | 5 8 9 10 | 10.0
Slings         | 5 11 | 11.1
Shields        | |  3.6

Action                   |  1- 3 |  4- 6 |  7- 9 | 10-12 | 13-15 || total
-------------------------+-------+-------+-------+-------+-------++-------
Melee: War axe           |    60 |    51 |       |       |       ||   111
       Headbutt          |     9 |    19 |    51 |    81 |   128 ||   288
       Flail             |       |   104 |    82 |       |       ||   186
       Battleaxe         |       |       |   183 |   431 |   592 ||  1206
Invok: Curse Item        |       |       |     8 |       |     1 ||     9
 Abil: Evoke Flight      |       |       |     1 |     1 |       ||     2
       Stop Flying       |       |       |       |     1 |       ||     1
Evoke: Lamp of fire      |       |       |       |       |     1 ||     1
  Use: Scroll            |       |       |     4 |    28 |     4 ||    36
       Potion            |       |       |     2 |     2 |       ||     4
  Eat: Chunk             |     1 |     8 |    12 |    20 |    24 ||    65
       Ration            |       |       |     2 |     2 |     1 ||     5
Armor: Scale mail        |    26 |    87 |   140 |       |       ||   253
       Plate armour      |       |       |    81 |   283 |   296 ||   660
Dodge: Dodged            |    34 |    90 |   183 |   281 |   321 ||   909
Block: Shield            |     2 |       |       |       |       ||     2
